 Dungeon Crawl Stone Soup version 0.26-a0-365-g11c2b627af (webtiles) character file.

Game seed: 12023734008646179696

24699 Glokmah the Cleaver (level 12, -5/96 HPs)
             Began as a Demonspawn Gladiator on July 19, 2020.
             Was an Elder of Uskayaw.
             Slain by a cane toad (17 damage)
             ... on level 6 of the Lair of Beasts.
             The game lasted 00:36:32 (14627 turns).

Glokmah the Cleaver (Demonspawn Gladiator)         Turns: 14627, Time: 00:36:34

Health: -5/96      AC: 28    Str: 16    XL:     12   Next: 83%
Magic:  3/18       EV: 14    Int: 11    God:    Uskayaw [****..]
Gold:   991        SH: 11    Dex: 17    Spells: 12/15 levels left

rFire    . . .     SeeInvis .   a - +6 war axe
rCold    . . .     Faith    +   N - +0 kite shield
rNeg     + . .     Spirit   .   o - +1 ring mail {rPois}
rPois    +         Reflect  .   k - +2 hat
rElec    .         Harm     .   A - +0 cloak
rCorr    .                      L - +0 pair of gloves
MR       +....                  B - +2 pair of boots
Stlth    +.........             P - amulet of faith
HPRegen  0.26/turn              E - +4 ring of protection
MPRegen  0.16/turn              X - ring of protection from magic

@: lethally poisoned (-5 -> -8), sanguine armour
A: antennae 2, negative energy resistance 1, powered by pain 2, spiny 2,
sanguine armour 2
a: Stomp, Line Pass, Renounce Religion


You were on level 6 of the Lair of Beasts.
You worshipped Uskayaw.
Uskayaw was aware of your devotion.
You visited 2 branches of the dungeon, and saw 15 of its levels.

You collected 991 gold pieces.

Inventory:

Hand Weapons
 a - a +6 war axe (weapon)
 b - the +4 dire flail of the Silent Majority {vorpal, rC+ Str+5}
   (You took it off a two-headed ogre on level 6 of the Dungeon)

   It inflicts extra damage upon your enemies.
   It affects your strength (+5).
   It protects you from cold.
 c - a +2 mace of protection
 s - the +5 quarterstaff "Qeme" {vorpal, rF++ rC+ MR- Dex+3}
   (You found it on level 6 of the Lair of Beasts)

   It inflicts extra damage upon your enemies.
   It affects your dexterity (+3).
   It greatly protects you from fire.
   It protects you from cold.
   It affects your resistance to hostile enchantments.
Missiles
 d - 4 throwing nets
 f - 600 stones
 j - 27 poisoned darts (quivered)
 x - 5 silver javelins
 F - 9 boomerangs
 I - 3 curare-tipped darts
 M - 3 datura-tipped darts
 Y - 4 javelins
Armour
 k - a +2 hat (worn)
 o - a +1 ring mail of poison resistance (worn)
 A - a +0 cloak (worn)
 B - a +2 pair of boots (worn)
 L - a +0 pair of gloves (worn)
 N - a +0 kite shield (worn)
Jewellery
 m - an uncursed ring of resist corrosion
 n - a +4 ring of evasion
 z - a +6 ring of strength
 E - a +4 ring of protection (left hand)
 K - an uncursed ring of protection from fire
 P - an amulet of faith (around neck)
 R - an uncursed ring of flight
 X - a ring of protection from magic (right hand)
 Z - an uncursed ring of see invisible
Wands
 t - a wand of flame (45)
 w - a wand of clouds (4)
 C - a wand of iceblast (8)
 O - a wand of digging (5)
 Q - a wand of random effects (35)
 V - a wand of enslavement (9)
 W - a wand of polymorph (25)
Scrolls
 e - 3 scrolls of remove curse
 g - 2 scrolls of noise
 r - 4 scrolls of amnesia
 y - a scroll of fear
 G - 2 scrolls of random uselessness
 J - 7 scrolls of teleportation
Potions
 h - 2 potions of ambrosia
 i - 2 potions of might
 l - 2 potions of heal wounds
 p - 2 potions of cancellation
 q - 4 potions of resistance
 u - 4 potions of curing
 v - 4 potions of lignification
 D - 2 potions of mutation
 H - 2 potions of haste
 S - a potion of invisibility {unknown}
 T - a potion of stabbing {unknown}
Miscellaneous
 U - a tin of tremorstones (3/3)


   Skills:
 + Level 9.5 Fighting
 * Level 11.2(11.3) Axes
 - Level 1.1(7.3) Maces & Flails
 - Level 2.3 Throwing
 - Level 8.0 Armour
 - Level 7.0 Dodging
 * Level 7.9 Shields
 - Level 2.0 Spellcasting
 + Level 8.7 Invocations


You had 12 spell levels left.
You knew the following spells:

 Your Spells              Type           Power        Failure   Level
a - Frozen Ramparts       Ice            #.....       98%         3

Your spell library contained the following spells:

 Spells                   Type           Power        Failure   Level
 Freeze                   Ice            #...         77%         1
 Ozocubu's Armour         Ice            #.......     98%         3
 Hailstorm                Conj/Ice       #.......     100%        4
 Summon Ice Beast         Ice/Summ       #.......     100%        4


Dungeon Overview and Level Annotations

Branches:
Dungeon (9/15)             Temple (0/1) D:6            Lair (6/6) D:8
 Shoals (0/4) Lair:3        Snake (0/4) Lair:2        Slime (0/5) Lair:5
    Orc: D:9-12

Altars:
Ashenzari
Cheibriados
Elyvilon
Kikubaaqudgha
Okawaru
Uskayaw
Vehumet
Xom
Zin
Jiyva

Annotations:
D:5 exclusion: statue
Lair:6 exclusion: 3 oklob plants


Innate Abilities, Weirdness & Mutations

You have a pair of antennae on your head.
You resist negative energy. (rN+)
You sometimes gain power by taking damage.
You are mostly covered in sharp spines.
When seriously injured, your bleeding wounds create thick armour. (AC +9)


Message History

You closely miss the dream sheep.
The dream sheep is moderately wounded.
You hit the wyvern. You hit the komodo dragon.
The dream sheep is no longer sharing its pain. x2
The wyvern is struck by your spines. The wyvern bites you.
* * * LOW HITPOINT WARNING * * *
The dream sheep completely misses you.
The komodo dragon bites you but does no damage.
The wyvern bites you but does no damage.
You can now merge with and destroy a victim.
Okay, then.
Aiming: Line Pass
Press: ? - help, Dir - move target cursor The komodo dragon appears confused.
The dream sheep appears confused.
You can no longer merge with and destroy a victim.
You feel sick.
The komodo dragon completely misses the dream sheep.
The komodo dragon bites itself!!
The cane toad is struck by your spines. The cane toad stings you!
You die...

.......#... ......P...
#...###..P.. .$........
............# .........
............. .........
..........# #......#.
#....P....## ##........
#.#PP...# #.##Y@...#
##..PP..####..#.F.##
#.#.........#.llY##
#.#...........†Y.#
###..............##.#
......................
......................
#.#..###..P##P.........
###### ######$.........


You could see a komodo dragon (confused), a cane toad, a wyvern and 3 dream
sheep.

Vanquished Creatures
  3 hydras
  Urug (Lair:4)
  A two-headed ogre (D:6)
  The ghost of BritishOli the Skirmisher, a novice DsFi (D:6)
  The ghost of leebro123 the Shield-Bearer, a novice DsFi of Dithmenos (D:7)
  2 black mambas
  10 cane toads
  A rime drake (Lair:5)
  3 komodo dragons
  2 polar bears (Lair:6)
  6 blink frogs
  3 dream sheep (Lair:6)
  6 hippogriffs
  Sigmund (D:5)
  2 vampires (D:7)
  27 yaks
  2 steam dragons (D:5)
  3 basilisks
  3 wargs (D:8)
  4 nagas (Lair:2)
  10 water moccasins
  8 porcupines
  2 orc warriors (D:6)
  3 sky beasts
  2 ice beasts
  5 ogres
  2 phantoms (D:9)
  4 boggarts (Lair:4)
  2 centaurs
  8 wolves (Lair:4)
  7 crocodiles
  A big kobold (D:7)
  A gnoll sergeant (D:7)
  8 bullfrogs
  A howler monkey (D:6)
  4 wights (D:7)
  4 electric eels (D:8)
  2 bullfrog zombies
  A bullfrog skeleton (D:5)
  A hound (D:4)
  2 centaur skeletons
  6 orc priests
  Crazy Yiuf (D:3)
  Terence (D:2)
  An iguana (D:9)
  Natasha (thrice) (D:2)
  11 worker ants
  4 orc wizards
  9 gnolls
  15 adders
  5 shadow imps
  An ooze (D:3)
  An adder zombie (D:7)
  2 adder skeletons (D:5)
  3 worms
  A dart slug (D:3)
  5 leopard geckos
  17 orcs
  9 giant cockroaches
  3 goblins
  2 hobgoblins
  14 jackals
  10 kobolds
  4 quokkas
  A ball python zombie (D:5)
  8 bats
  10 frilled lizards
  A leopard gecko skeleton (D:6)
  A quokka skeleton (D:5)
  6 rats
  A butterfly (D:9)
  A fungus (Lair:6)
  A plant (Lair:6)
318 creatures vanquished.

Vanquished Creatures (others)
  8 fungi
  6 plants
14 creatures vanquished.

Grand Total: 332 creatures vanquished

Notes
Turn   | Place    | Note
-------+----------+-------------------------------------------
     0 | D:1      | Glokmah the Demonspawn Gladiator began the quest for the
                  | Orb.
     0 | D:1      | Reached XP level 1. HP: 16/16 MP: 1/1
   369 | D:1      | Gained mutation: You sometimes gain a little power by
                  | taking damage. [demonic ancestry]
   369 | D:1      | Reached XP level 2. HP: 22/22 MP: 2/2
   833 | D:1      | Reached skill level 3 in Axes
  1224 | D:2      | Reached XP level 3. HP: 27/28 MP: 4/4
  1295 | D:2      | Noticed Terence
  1312 | D:2      | Killed Terence
  1312 | D:2      | Reached skill level 1 in Spellcasting
  1586 | D:2      | Noticed Natasha
  1595 | D:2      | Killed Natasha
  1595 | D:2      | Gained mutation: You sometimes gain power by taking damage.
                  | [demonic ancestry]
  1595 | D:2      | Reached XP level 4. HP: 34/34 MP: 5/5
  1602 | D:2      | Reached skill level 1 in Armour
  1865 | D:2      | Noticed Natasha
  1877 | D:2      | Killed Natasha
  1952 | D:2      | Noticed Natasha
  1957 | D:2      | Killed Natasha
  1957 | D:2      | Gained mutation: You are partially covered in sharp spines.
                  | [demonic ancestry]
  1957 | D:2      | Reached XP level 5. HP: 39/39 MP: 7/7
  2103 | D:3      | Found a faded altar of an unknown god.
  2110 | D:3      | Became a worshipper of Uskayaw the Reveler
  2110 | D:3      | Reached * piety under Uskayaw
  2131 | D:3      | Reached ** piety under Uskayaw
  2148 | D:3      | Found a shimmering altar of Xom.
  2450 | D:3      | Reached skill level 1 in Maces & Flails
  2450 | D:3      | Reached *** piety under Uskayaw
  2515 | D:3      | Reached skill level 1 in Invocations
  2528 | D:3      | Found a shattered altar of Ashenzari.
  2677 | D:3      | Found a runed translucent door.
  2678 | D:3      | Noticed Crazy Yiuf
  2684 | D:3      | Killed Crazy Yiuf
  3052 | D:4      | Gained mutation: When seriously injured, your bleeding
                  | wounds create armour. (AC +9) [demonic ancestry]
  3052 | D:4      | Reached XP level 6. HP: 47/47 MP: 8/8
  3640 | D:5      | Entered Level 5 of the Dungeon
  3640 | D:5      | Found an ancient bone altar of Kikubaaqudgha.
  3640 | D:5      | Noticed a water moccasin
  3645 | D:5      | Killed a water moccasin
  3646 | D:5      | Reached **** piety under Uskayaw
  3680 | D:5      | Found a white marble altar of Elyvilon.
  3680 | D:5      | Found a faded altar of an unknown god.
  3696 | D:5      | Found a snail-covered altar of Cheibriados.
  3698 | D:5      | Found a glowing silver altar of Zin.
  3699 | D:5      | Found a faded altar of an unknown god.
  3787 | D:5      | Noticed a sky beast
  3791 | D:5      | Killed a sky beast
  3791 | D:5      | Gained mutation: You have a pair of small antennae on your
                  | head. [demonic ancestry]
  3791 | D:5      | Reached XP level 7. HP: 46/52 MP: 10/10
  3837 | D:5      | Noticed a steam dragon
  3837 | D:5      | Noticed a steam dragon
  3845 | D:5      | Killed a steam dragon
  3845 | D:5      | Reached skill level 4 in Axes
  3847 | D:5      | Killed a steam dragon
  3994 | D:5      | Noticed Sigmund
  4011 | D:5      | Killed Sigmund
  4025 | D:5      | Gained mutation: When seriously injured, your bleeding
                  | wounds create thick armour. (AC +9) [demonic ancestry]
  4025 | D:5      | Reached XP level 8. HP: 56/60 MP: 5/11
  4444 | D:5      | Found a radiant altar of Vehumet.
  4917 | D:6      | Reached skill level 5 in Invocations
  4920 | D:6      | Found an iron altar of Okawaru.
  4923 | D:6      | Reached skill level 5 in Dodging
  4924 | D:6      | Reached skill level 5 in Fighting
  4924 | D:6      | Reached skill level 5 in Axes
  5135 | D:6      | Found a staircase to the Ecumenical Temple.
  5223 | D:6      | Identified the +4 dire flail of the Silent Majority
                  | {vorpal, rC+ Str+5}
  5223 | D:6      | Noticed a two-headed ogre
  5224 | D:6      | Found a transporter.
  5224 | D:6      | Found a transporter.
  5226 | D:6      | Noticed BritishOli's ghost (novice DsFi)
  5279 | D:6      | Gained mutation: You have a pair of antennae on your head.
                  | [demonic ancestry]
  5279 | D:6      | Reached XP level 9. HP: 68/68 MP: 13/13
  5496 | D:7      | Reached ***** piety under Uskayaw
  5784 | D:7      | Found a transporter.
  5826 | D:7      | Found a transporter.
  5832 | D:7      | Noticed leebro123's ghost (novice DsFi)
  6279 | D:7      | Reached skill level 6 in Axes
  6578 | D:8      | Found a staircase to the Lair.
  6588 | D:8      | Reached skill level 5 in Armour
  7483 | D:9      | Gained mutation: You resist negative energy. (rN+) [demonic
                  | ancestry]
  7483 | D:9      | Reached XP level 10. HP: 75/77 MP: 15/15
  7499 | D:9      | Reached skill level 7 in Axes
  7891 | D:7      | Killed leebro123's ghost
  7891 | D:7      | Reached skill level 1 in Shields
  8194 | Lair:1   | Entered Level 1 of the Lair of Beasts
  8219 | Lair:1   | Reached skill level 8 in Axes
  8220 | Lair:1   | Reached ****** piety under Uskayaw
  8302 | Lair:1   | Noticed a cane toad
  8303 | Lair:1   | Noticed a cane toad
  8310 | Lair:1   | Killed a cane toad
  8310 | Lair:1   | Reached XP level 11. HP: 43/84 MP: 17/17
  8401 | Lair:1   | You fall into a shaft and drop 1 floor!
  8444 | Lair:1   | Noticed a six-headed hydra
  8468 | Lair:1   | Killed a six-headed hydra
  8980 | Lair:1   | Noticed a seven-headed hydra
  8992 | Lair:1   | Killed a seven-headed hydra
  8992 | Lair:1   | Reached skill level 9 in Axes
  9746 | Lair:2   | Found a staircase to the Snake Pit.
 10730 | D:6      | Killed a two-headed ogre
 10730 | D:6      | Reached skill level 5 in Shields
 10735 | D:6      | Killed BritishOli's ghost
 10994 | Lair:3   | Found a staircase to the Shoals.
 11117 | Lair:3   | Reached skill level 10 in Axes
 11468 | Lair:3   | Learned a level 3 spell: Frozen Ramparts
 11544 | Lair:3   | Gained mutation: You are mostly covered in sharp spines.
                  | [demonic ancestry]
 11544 | Lair:3   | Reached XP level 12. HP: 86/94 MP: 18/18
 12028 | Lair:4   | Noticed Urug
 12043 | Lair:4   | Killed Urug
 13073 | Lair:5   | Noticed a seven-headed hydra
 13085 | Lair:5   | Killed a seven-headed hydra
 13295 | Lair:5   | Found a viscous altar of Jiyva.
 13295 | Lair:5   | Found a staircase to the Slime Pits.
 13475 | Lair:6   | Entered Level 6 of the Lair of Beasts
 14037 | Lair:5   | Reached skill level 11 in Axes
 14554 | Lair:6   | Identified the +5 quarterstaff "Qeme" {vorpal, rF++ rC+ MR-
                  | Dex+3} (You found it on level 6 of the Lair of Beasts)
 14627 | Lair:6   | Slain by a cane toad

Illustrated notes

Levels and vault maps discovered:
D:1:      dpeg_arrival_tiny_k, layout_loops_corners, minmay_lizard_king
D:2:      layout_loops_ring, uniq_natasha, uniq_terence
D:3:      layout_loops_ring, nicolae_overflow_hidden_temple, lemuel_round_altar,
          chequers_ecumenical_altar_simple, uniq_crazy_yiuf_cottage
D:4:      layout_loops_corners
D:5:      kennysheep_steamy, layout_layer_cave, kiku_gazebo_garden_becter,
          vehumet_statue, chequers_temple_overflow_minitemple, uniq_sigmund
D:6:      layout_basic, temple_pool_b, gammafunk_ghost_smash, okawaru_trees_2
D:7:      layout_loops_corners, gammafunk_ghost_mausoleum
D:8:      layout_loops_ring, erik_lair_orcish_takeover, serial_bayou,
          serial_bayou_pond_e, serial_bayou_lagoon_a, serial_bayou_pond_e,
          serial_bayou_shore_a
D:9:      layout_basic, hangedman_glass_garden, nicolae_underground_beach
Lair:1:   layout_loops_ring, serial_bayou_pond_c, grunt_megastairs_2
Lair:2:   minmay_lair_venomous_thicket, layout_gridlike,
          minmay_snake_entry_guardpost_small
Lair:3:   layout_roguey, shoals_dummy_entry, eino_small_chamber_without_monster,
          grunt_megastairs_5
Lair:4:   layout_long_grid, kilobyte_rumbling_trees, uniq_urug
Lair:5:   layout_roguey, dpeg_slime_entry_enclosed_altar
Lair:6:   cheibrodos_lair_end_hotspot, layout_gridlike,
          minmay_lair_oklob_chamber

Skill      XL: |  1  2  3  4  5  6  7  8  9 10 11 12 |
---------------+-------------------------------------+-----
Throwing       | 2 |  2.3
Axes           | 3 4 5 6 8 10 11 | 11.2
Spellcasting   | 1 2 |  2.0
Dodging        | 3 4 5 6 7 |  7.0
Armour         | 1 2 3 4 5 6 7 8 |  8.0
Maces & Flails | 1 |  1.1
Invocations    | 1 2 4 5 7 8 |  8.7
Fighting       | 3 4 5 6 7 8 9 |  9.5
Shields        | 2 5 7 |  7.9

Action                   |  1- 3 |  4- 6 |  7- 9 | 10-12 || total
-------------------------+-------+-------+-------+-------++-------
Melee: War axe           |    79 |    28 |   119 |   409 ||   635
       Mace              |    24 |    68 |       |    18 ||   110
       Hand axe          |       |       |   143 |       ||   143
Throw: Dart              |     2 |       |     3 |     6 ||    11
       Boomerang         |       |       |       |     7 ||     7
       Throwing net      |       |       |       |     1 ||     1
Invok: Stomp             |       |       |     4 |    10 ||    14
       Line Pass         |       |       |     2 |     3 ||     5
  Use: Scroll            |       |     5 |    14 |    11 ||    30
       Potion            |       |       |       |     1 ||     1
 Stab: Sleeping          |     1 |       |       |       ||     1
       Paralysed         |       |     2 |    49 |    75 ||   126
       Confused          |       |       |     1 |       ||     1
Armor: Leather armour    |    40 |       |       |       ||    40
       Ring mail         |    20 |    35 |    97 |   192 ||   344
Dodge: Dodged            |    89 |   103 |   240 |   272 ||   704
Block: Kite shield       |       |       |       |   176 ||   176

Table legend: (Time is in decaauts)
 A = Elapsed time spent in this place.
 B = Non-inter-level travel time spent in this place.
 C = Inter-level travel time spent in this place.
 D = Time resting spent in this place.
 E = Time spent auto-exploring this place.
 F = Levels seen in this place.
 G = Mean time per level.
                   A        B        C        D        E       F      G
               +--------+--------+--------+--------+--------+-----+--------+
         Total |  14802 |  13705 |   1097 |    954 |   9396 |  15 |  986.8 |
       Dungeon |   8685 |   7866 |    819 |    202 |   5601 |   9 |  965.0 |
          Lair |   6117 |   5839 |    278 |    752 |   3795 |   6 | 1019.5 |
               +--------+--------+--------+--------+--------+-----+--------+
